 Dungeon Crawl Stone Soup version 0.23-a0-164-g7711e57 (webtiles) character file.

1465 digijack the Skirmisher (level 8, -5/73 HPs)
             Began as a Black Draconian Berserker on Sept 10, 2018.
             Was an Elder of Trog.
             Splashed by a jelly's acid (10 damage)
             ... on level 7 of the Dungeon.
             The game lasted 00:26:27 (5669 turns).

digijack the Skirmisher (Black Draconian Berserker) Turns: 5669, Time: 00:26:28

Health: -5/73      AC: -4    Str: 20    XL:     8   Next: 48%
Magic:  8/8        EV: 15    Int:  8    God:    Trog [****..]
Gold:   315        SH:  0    Dex: 12    Spells: 7/7 levels left

rFire    + . .     SeeInvis .   a - +0 falchion (venom)
rCold    . . .     Gourm    .   (no shield)
rNeg     . . .     Faith    .   (armour unavailable)
rPois    .         Spirit   .   (helmet restricted)
rElec    +         Reflect  .   k - +1 cloak
rCorr    .         Harm     .   (no gloves)
MR       ++...                  (no boots)
Stlth    +.........             (no amulet)
HPRegen  1.22/turn              j - ring of protection from fire
MPRegen  0.11/turn              (no ring)

@: corroded, regenerating
A: breathe lightning, unfitting armour, electricity resistance, cold-blooded, AC
+6
a: Breathe Lightning, Berserk, Trog's Hand, Brothers in Arms, Renounce Religion


You were on level 7 of the Dungeon.
You worshipped Trog.
Trog was greatly pleased with you.
You were near starving.

You visited 1 branch of the dungeon, and saw 7 of its levels.
You also visited: Sewer.

You collected 315 gold pieces.

Inventory:

Hand Weapons
 a - a +0 falchion of venom (weapon)
Missiles
 c - 213 stones (quivered)
 e - 10 tomahawks
 w - 2 throwing nets
Armour
 k - a +1 cloak (worn)
Jewellery
 j - a ring of protection from fire (left hand)
Wands
 i - a wand of polymorph (33)
 n - a wand of acid (9)
 v - a wand of paralysis (16)
Scrolls
 d - 2 scrolls of teleportation
 f - 3 scrolls of identify
 g - 4 scrolls of remove curse
 p - a scroll of blinking
 q - 2 scrolls of fear
Potions
 h - 5 potions of curing
 l - 3 potions of might
 m - a potion of haste
 o - 3 potions of heal wounds
 r - 2 potions of agility
 s - 2 potions of flight
 t - a potion of degeneration {unknown}
Comestibles
 b - 5 rations


   Skills:
 + Level 7.4 Fighting
 + Level 6.9 Long Blades
 + Level 6.1 Dodging


You had 7 spell levels left.
You didn't know any spells.
Your spell library was empty.

Dungeon Overview and Level Annotations

Branches:
Dungeon (7/15)             Temple (0/1) D:5

Altars:
Dithmenos
Elyvilon
Hepliaklqana
Kikubaaqudgha
Qazlal
Xom
Beogh

Annotations:
D:6 2 transporters
D:7 exclusion: oklob plant


Innate Abilities, Weirdness & Mutations

You can breathe wild blasts of lightning.
Your glossy black scales are hard. (AC +6)
You cannot fit into any form of body armour.
You are resistant to electric shocks. (rElec)
You are cold-blooded and may be slowed by cold attacks.


Message History

* * * LOW HITPOINT WARNING * * *
You hit the jelly but do no damage. The acid corrodes you!
Your hands burn!
* * * LOW HITPOINT WARNING * * *
The jelly hits you.
* * * LOW HITPOINT WARNING * * *
You are splashed with acid!
The acid burns!
* * * LOW HITPOINT WARNING * * *
Your skin crawls.
You feel resistant to hostile enchantments.
You are feeling very hungry.
The jelly closely misses you.
The jelly looks more healthy.
The jelly jiggles.
There is an escape hatch in the ceiling here.
Your two-headed ogre goes berserk!
You are near starving!
The jelly hits you.
* * * LOW HITPOINT WARNING * * *
The acid corrodes you!
You are splashed with acid!
The acid burns!
You die...

#..........##........
#...........#.#######
########.#..#.<###
#.#..#..#..
#.#..#..#.#
#.#.....#.#
#.#.....#.#
#(#######O### ###
#((.)..@JJJ.#


#PJJ# ###########J##.J.JJJ #J.J...PJP ####....JJ #.PJ# ### You could see 2
jellies, 2 oozes and a friendly two-headed ogre (berserk).

Vanquished Creatures
  A sky beast (D:6)
  The ghost of derval the Insei, an amateur GnTm (D:3)
  2 centaurs
  An ogre (D:6)
  2 big kobolds (Sewer)
  A scorpion (D:4)
  A howler monkey (D:4)
  A crimson imp (D:6)
  An orc priest (D:6)
  5 jellies
  2 centaur skeletons
  An orc wizard (D:3)
  A bullfrog skeleton (D:4)
  Jessica (D:3)
  Ijyb (D:3)
  An iguana (D:5)
  2 worker ants
  Robin (D:3)
  A gnoll (D:1)
  8 adders
  4 river rats (Sewer)
  2 shadow imps (D:6)
  12 oozes
  An adder zombie (D:6)
  5 worms
  A dart slug (D:1)
  A leopard gecko (D:6)
  25 orcs
  4 bats
  5 giant cockroaches
  4 hobgoblins (D:1)
  6 jackals
  2 quokkas
  7 ball pythons
  4 frilled lizards
  15 goblins
  A jackal skeleton (D:5)
  18 kobolds
  A quokka skeleton (D:3)
  22 rats
175 creatures vanquished.

Vanquished Creatures (others)
  4 fungi (D:7)
4 creatures vanquished.

Grand Total: 179 creatures vanquished

Notes
Turn   | Place    | Note
-------+----------+-------------------------------------------
     0 | D:1      | digijack the Draconian Berserker began the quest for the
                  | Orb.
     0 | D:1      | Reached XP level 1. HP: 19/19 MP: 1/1
   215 | D:1      | Reached XP level 2. HP: 24/26 MP: 2/2
   471 | D:1      | Reached XP level 3. HP: 32/33 MP: 3/3
   762 | D:2      | Found a white marble altar of Elyvilon.
   896 | D:2      | Reached ** piety under Trog
   911 | D:2      | Reached skill level 4 in Fighting
  1455 | D:3      | Reached XP level 4. HP: 19/40 MP: 4/4
  1672 | D:3      | Noticed Robin
  1682 | D:3      | Killed Robin
  1935 | D:3      | Noticed Jessica
  1948 | D:3      | Killed Jessica
  1987 | D:3      | Reached XP level 5. HP: 14/47 MP: 5/5
  2158 | D:3      | Found a shimmering altar of Xom.
  2284 | D:3      | Found a runed gate.
  2285 | D:3      | Found a runed gate.
  2285 | D:3      | Found a runed gate.
  2285 | D:3      | Noticed derval's ghost (amateur GnTm)
  2291 | D:3      | Found a roughly hewn altar of Beogh.
  2312 | D:3      | Killed derval's ghost
  2323 | D:3      | Reached skill level 5 in Fighting
  2541 | D:3      | Noticed Ijyb
  2602 | D:3      | Killed Ijyb
  2602 | D:3      | Reached XP level 6. HP: 26/56 MP: 6/6
  3126 | D:4      | Found a hazy altar of Hepliaklqana.
  3227 | D:4      | Reached skill level 5 in Long Blades
  3505 | D:5      | Entered Level 5 of the Dungeon
  3547 | D:5      | Reached *** piety under Trog
  3589 | D:5      | Found a staircase to the Ecumenical Temple.
  3669 | D:5      | Found a glowing drain.
  3681 | Sewer    | Entered a sewer
  3693 | Sewer    | Your scales start taking on a glossy black colour.
  3693 | Sewer    | Reached XP level 7. HP: 56/62 MP: 7/7
  3693 | Sewer    | Gained mutation: You are resistant to electric shocks.
                  | (rElec) [Black Draconian growth]
  4108 | Sewer    | Reached skill level 6 in Fighting
  4225 | Sewer    | Reached skill level 5 in Dodging
  4699 | D:5      | Found an ancient bone altar of Kikubaaqudgha.
  4911 | D:6      | Found a transporter.
  4941 | D:6      | Noticed a kobold demonologist
  4947 | D:6      | Reached **** piety under Trog
  4947 | D:6      | Reached XP level 8. HP: 70/71 MP: 8/8
  5009 | D:6      | Noticed a kobold demonologist
  5014 | D:6      | Found a transporter.
  5141 | D:6      | Found a shadowy altar of Dithmenos.
  5323 | D:6      | Reached skill level 7 in Fighting
  5336 | D:6      | Found a stormy altar of Qazlal.
  5614 | D:7      | Noticed an oklob plant
  5664 | D:7      | HP: 2/73 [acid (9)]
  5669 | D:7      | Splashed by a jelly's acid

Vault maps used:
D:1:      dpeg_arrival_orchard, hex_tiny, serial_bayou_pond_d,
          serial_bayou_lake_a
D:2:      nicolae_overflow_crystal_walls, first_ration
D:3:      brannock_xom_greatest_gift, biasface_ghost_orc_armoury, uniq_jessica,
          uniq_robin, uniq_ijyb
D:4:      kennysheep_mini
D:5:      lemuel_coloured_pillars_altar, minmay_temple_entry_statues_fountains,
          cheibrodos_sewer_entry_bend
D:6:      gammafunk_wand_slinger, grunt_dithmenos_smoke,
          nicolae_qazlal_general_emergency
D:7:      lemuel_slime, evilmike_ruin_ashenzari,
          chequers_temple_overflow_minitemple, grunt_ogre_cave, uniq_menkaure
Sewer:    sewer_minmay_treatment

Skill      XL: |  1  2  3  4  5  6  7  8 |
---------------+-------------------------+-----
Dodging        | 3 4 5 6 |  6.1
Fighting       | 4 5 6 7 |  7.4
Long Blades    | 4 5 6 |  6.9

Action                   |  1- 3 |  4- 6 |  7- 9 || total
-------------------------+-------+-------+-------++-------
Melee: Falchion          |    98 |   157 |   300 ||   555
       Tailslap          |    21 |    21 |    64 ||   106
       Unarmed           |       |    43 |       ||    43
Invok: Berserk           |     2 |     2 |     1 ||     5
       Trog's Hand       |       |     2 |     1 ||     3
       Brothers in Arms  |       |       |     1 ||     1
Evoke: Wand              |       |     1 |       ||     1
  Use: Scroll            |     8 |     3 |     2 ||    13
       Potion            |     3 |     1 |     2 ||     6
  Eat: Chunk             |     4 |     9 |     8 ||    21
Armor: Skin              |    34 |    54 |    80 ||   168
Dodge: Dodged            |    66 |   143 |   292 ||   501
       Rpst.: Falchion   |    18 |    44 |    80 ||   142

Table legend:
 A = Non-vault XP
 B = Vault XP
 C = Vault XP percentage of total XP
 D = Non-vault monster count
 E = Vault monster count
 F = Vault count percentage of total count
                 A         B        C        D         E       F
            +---------+---------+-------+---------+---------+-------
      Total |    1294 |     800 |  38.2 |      94 |      81 |  46.3
            +---------+---------+-------+---------+---------+-------
        D:1 |      42 |       0 |   0.0 |      16 |       0 |   0.0
        D:2 |      42 |       0 |   0.0 |      12 |       0 |   0.0
        D:3 |      87 |     238 |  73.2 |      11 |      18 |  62.1
        D:4 |     274 |       0 |   0.0 |      15 |       0 |   0.0
        D:5 |     253 |      10 |   3.8 |      10 |       2 |  16.7
        D:6 |     481 |       0 |   0.0 |      29 |       0 |   0.0
        D:7 |     115 |     235 |  67.1 |       1 |      13 |  92.9
      Sewer |       0 |     317 | 100.0 |       0 |      48 | 100.0
            +---------+---------+-------+---------+---------+-------
